cohdb
Replays
Latest Replays
All Replays
Popular Replays
Top Player Replays
Match Explorer
How It Works
Community
CoH3 Stats
Reddit
Sign in to upload your games and track your stats! →
Sign in with Steam
Match 39921232
Unlisted
Match 39921232
Overview
Messages
Build Orders
End
Pioneer Squad
Construct Infanterie Kompanie
Selects Breakthrough Battlegroup
Grenadier Squad
MG 42 Machine Gun Team
Grenadier Squad
Selects Rapid Production
Construct Luftwaffe Kompanie
221 Scout Car
Sniper
Jäger Squad
Medical Bunker
Selects Blitzkrieg
Construct Panzer Kompanie
Stoßtruppen Squad
Sniper
Panzer IV Medium Tank
Stoßtruppen Squad
Jäger Squad
Selects Tiger Heavy Tank
Nomissa
Insane Zjoekov
Rukoso
DirtyDan
0
0
Comments
sign in to comment!
No comments posted yet!